 Dungeon Sprint DCSS version 0.30.0-29-ga12c61a403 (webtiles) character file.

Game seed: 15772036015113516784

2616 boopmooplesden the Severer (level 9, -2/90 HPs)
             Began as a Grey Draconian Berserker on June 24, 2023.
             Was a High Priest of Trog.
             Killed from afar by an efreet (18 damage)
             ... with a fireball
             ... in the Dungeon (Sprint IX: "|||||||||||||||||||||||||||||").
             The game lasted 00:01:11 (335 turns).

boopmooplesden the Severer (DrBe)                    Turns: 335, Time: 00:01:12

Health: -2/90      AC: 12    Str: 24    XL:     9   Next: 34%
Magic:  9/9        EV: 17    Int: 11    God:    Trog [*****.]
Gold:   0          SH:  0    Dex: 10    Spells: 8/8 levels left

rFire   . . .        j - +1 broad axe (freeze)
rCold   . . .        (no shield)
rNeg    . . .        (body armour unavailable)
rPois   .            (helmet restricted)
rElec   .            (no cloak)
rCorr   .            (no gloves)
SInv    .            (no boots)
Will    .....        (no amulet)
Stlth   +            k - +2 ring of evasion
HPRegen 0.35/turn    l - +3 ring of intelligence
MPRegen 0.11/turn

%: no teleportation
@: on berserk cooldown, slowed, very slow
A: AC +12, amphibious, unfitting armour, cold-blooded
a: Renounce Religion, Berserk, Trog's Hand, Brothers in Arms


You were in the Dungeon.
You worshipped Trog.
Trog was extremely pleased with you.
You visited 1 branch

Inventory:

Hand Weapons
 a - a +0 hand axe
 j - a +1 broad axe of freezing (weapon)
Jewellery
 k - a +2 ring of evasion (left hand)
 l - a +3 ring of intelligence (right hand)
Wands
 i - a wand of iceblast (10)
Scrolls
 g - 2 scrolls of blinking
Potions
 b - a potion of invisibility
 c - 2 potions of heal wounds
 d - a potion of haste
 e - 4 potions of magic
 f - a potion of berserk rage
 h - 4 potions of curing


   Skills:
 + Level 11.9 Fighting
 + Level 15.6 Axes
 + Level 10.6 Dodging


You had 8 spell levels left.
You didn't know any spells.
Your spell library was empty.

Dungeon Overview and Level Annotations

Branches:
Dungeon (1/1)

Altars:
Cheibriados
Dithmenos
Elyvilon
Fedhas
Gozag
Hepliaklqana
Kikubaaqudgha
Makhleb
Nemelex Xobeh
Okawaru
Qazlal
Ru
Sif Muna
Trog
Uskayaw
Vehumet
Wu Jian
Xom
Yredelemnul
Zin
The Shining One
Jiyva
Lugonu


Innate Abilities, Weirdness & Mutations

Your dull iron-grey scales are very hard. (AC +12)
You are amphibious.
You cannot fit into any form of body armour.
You are cold-blooded and may be slowed by cold attacks.


Message History

You slash the vampire mosquito! You freeze the vampire mosquito!
You destroy the vampire mosquito!
Trog accepts your kill.
Your Axes skill increases to level 15!
You slice the efreet!! You freeze the efreet!
The efreet is almost dead.
You completely miss the efreet.
The efreet is almost dead.
The efreet gestures at you.
The fireball explodes!
The fireball engulfs the efreet.
The efreet completely resists.
The fireball engulfs you!! The efreet gestures at you.
The bolt of fire hits you!
You slash the efreet! You freeze the efreet.
You kill the efreet!
Trog accepts your kill.
You are no longer berserk.
You are exhausted.
You feel yourself slow down.
Things that are here:
a +4 scimitar of flaming; a +0 shortbow; a centaur corpse You hit the efreet but do no damage.
The efreet barely misses you.
You hit the efreet. You freeze the efreet.
Your tail-slap misses the efreet.
The efreet is lightly wounded.
The efreet hits you but does no damage. The efreet gestures at you.
The bolt of fire hits you!!
* * * LOW HITPOINT WARNING * * *
You slash the efreet! You freeze the efreet.
The efreet is moderately wounded.
The efreet gestures at you.
The fireball explodes!
The fireball engulfs you!
* * * LOW HITPOINT WARNING * * *
The fireball engulfs the efreet.
The efreet completely resists.
You completely miss the efreet.
You tail-slap the efreet, but do no damage.
The efreet is moderately wounded.
The efreet gestures at you.
The fireball explodes!
The fireball engulfs you!!
You die...

▓+▓
▓.▓
▓.▓
▓.▓
▓R▓
▓@▓
▓)▓
▓'▓
▓.▓
▓.▓
▓.▓
▓)▓
▓)▓
▓)▓


You could see an efreet.

Vanquished Creatures
  2 two-headed ogres (D)
  A boulder beetle (D)
  An efreet (D)
  A wraith (D)
  A vampire mosquito (D)
  A centaur (D)
  A phantom (D)
  A kobold brigand (D)
  A howler monkey (D)
  A hound (D)
  An orc priest (D)
  A sleepcap (D)
  An orc wizard (D)
  2 adders (D)
  2 ball pythons (D)
  2 hobgoblins (D)
  A rat (D)
21 creatures vanquished.

Notes
Turn   | Place    | Note
-------+----------+-------------------------------------------
     0 | D        | boopmooplesden the Draconian Berserker began the quest for
                  | the Orb.
     0 | D        | Reached XP level 1. HP: 19/19 MP: 1/1
     8 | D        | Reached ** piety under Trog
    18 | D        | Noticed a phantom
    18 | D        | Noticed a hound
    18 | D        | Noticed a sleepcap
    25 | D        | Killed a sleepcap
    26 | D        | Reached skill level 5 in Fighting
    26 | D        | Reached skill level 4 in Axes
    26 | D        | Reached XP level 2. HP: 29/29 MP: 2/2
    26 | D        | Reached XP level 3. HP: 36/36 MP: 3/3
    32 | D        | Reached *** piety under Trog
    33 | D        | Reached skill level 5 in Axes
    49 | D        | Reached XP level 4. HP: 13/44 MP: 4/4
    60 | D        | Killed a phantom
    61 | D        | Reached skill level 7 in Axes
    61 | D        | Reached skill level 5 in Dodging
    61 | D        | Reached XP level 5. HP: 14/51 MP: 5/5
    79 | D        | Found a snail-covered altar of Cheibriados.
    79 | D        | Found a shadowy altar of Dithmenos.
    79 | D        | Found a white marble altar of Elyvilon.
    79 | D        | Found a blossoming altar of Fedhas.
    79 | D        | Found an opulent altar of Gozag.
    80 | D        | Found a hazy altar of Hepliaklqana.
    81 | D        | Found a viscous altar of Jiyva.
    82 | D        | Found an ancient bone altar of Kikubaaqudgha.
    83 | D        | Found a corrupted altar of Lugonu.
    84 | D        | Found a burning altar of Makhleb.
    85 | D        | Found a sparkling altar of Nemelex Xobeh.
    86 | D        | Found an iron altar of Okawaru.
    87 | D        | Found a stormy altar of Qazlal.
    88 | D        | Found a sacrificial altar of Ru.
    89 | D        | Found a shimmering blue altar of Sif Muna.
    90 | D        | Found a bloodstained altar of Trog.
    91 | D        | Found a hide-covered altar of Uskayaw.
    92 | D        | Found a radiant altar of Vehumet.
    93 | D        | Found an ornate altar of the Wu Jian Council.
    94 | D        | Found a shimmering altar of Xom.
    95 | D        | Found a basalt altar of Yredelemnul.
    96 | D        | Found a glowing silver altar of Zin.
    97 | D        | Found a glowing golden altar of the Shining One.
   124 | D        | Noticed a wraith
   124 | D        | Noticed a two-headed ogre
   132 | D        | Killed a two-headed ogre
   133 | D        | Reached skill level 11 in Axes
   133 | D        | Reached XP level 6. HP: 31/66 MP: 6/6
   133 | D        | Your scales start taking on a dull iron-grey colour.
   133 | D        | Reached XP level 7. HP: 34/71 MP: 7/7
   135 | D        | Reached **** piety under Trog
   141 | D        | Reached skill level 10 in Fighting
   141 | D        | Reached skill level 12 in Axes
   147 | D        | Killed a wraith
   148 | D        | Reached XP level 8. HP: 24/79 MP: 8/8
   310 | D        | Noticed a boulder beetle
   310 | D        | Noticed an efreet
   310 | D        | Noticed an efreet
   310 | D        | Noticed a two-headed ogre
   318 | D        | Killed a two-headed ogre
   318 | D        | Reached ***** piety under Trog
   319 | D        | Reached skill level 13 in Axes
   321 | D        | Killed a boulder beetle
   322 | D        | Reached skill level 14 in Axes
   322 | D        | Reached skill level 10 in Dodging
   322 | D        | Reached XP level 9. HP: 89/89 MP: 9/9
   328 | D        | Reached skill level 15 in Axes
   330 | D        | Killed an efreet
   335 | D        | Killed from afar by an efreet

Illustrated notes

Levels and vault maps discovered:
D:        linesprint [early_d, line_temple, items_1, d_10, items_2, lair_1,
          lair_end, items_3, orc_1, orc_end, items_4, d_15, swamp_1, shoals_1,
          snake_1, spider_1, d_20, vaults_1, items_5, swamp_end, shoals_end,
          snake_end, spider_end, vaults_end, d_27, items_6, zot_1, zot_end,
          crypt_end, forest_end, elf_end, slime_end, tomb_end, abyss_end,
          pan_hell_end]

Skill      XL: |  1  2  3  4  5  6  7  8  9 |
---------------+----------------------------+-----
Dodging        | 4 5 8 9 10 | 10.6
Fighting       | 5 6 9 10 11 | 11.9
Axes           | 4 5 7 11 12 14 15 | 15.6

Action                     |  1- 3 |  4- 6 |  7- 9 || total
---------------------------+-------+-------+-------++-------
  Melee: Hand axe          |    37 |    21 |       ||    58
         Tailslap          |     1 |     2 |     6 ||     9
         Broad axe         |       |     5 |    34 ||    39
         Punch             |       |       |     1 ||     1
 Invoke: Berserk           |     1 |     1 |     1 ||     3
         Trog's Hand       |       |     1 |       ||     1
    Use: Potion            |       |     2 |       ||     2
 Armour: Skin              |    12 |     3 |     5 ||    20
  Dodge: Dodged            |    28 |    20 |    18 ||    66
